 Dungeon Crawl Stone Soup version 0.30-a0-778-g2ef04afb54 (console) character file.

Game seed: 7482085326130979872

6855 rlgrobin the Fighter (level 11, -6/101 HPs)
             Began as a Meteoran Fighter on Feb 15, 2023.
             Was a Priest of Fedhas.
             Killed from afar by Erica (32 damage)
             ... with a bolt of poison
             ... on level 8 of the Dungeon.
             The game lasted 00:14:46 (2129 turns).

rlgrobin the Fighter (Meteoran Fighter)             Turns: 2129, Time: 00:14:47

Health: -6/101     AC: 21    Str: 27    XL:     11   Next: 50%
Magic:  4/19       EV:  9    Int: 10    God:    Fedhas [***...]
Gold:   1014       SH:  5    Dex: 15    Spells: 10/10 levels left

rFire   . . .      SeeInvis .    a - +4 whip (freeze)
rCold   . . .      Faith    .    c - +0 buckler
rNeg    . . .      Spirit   .    h - +0 chain mail
rPois   .          Reflect  .    r - +2 hat {Stlth+}
rElec   .          Harm     .    (no cloak)
rCorr   .          Rampage  .    j - +2 pair of gloves {infuse}
Will    +....                    (no boots) Stlth
                                 (no amulet)
HPRegen 0.36/turn                x - +6 ring of strength
MPRegen 0.16/turn                q - +4 ring of protection

@: lethally poisoned (-6 -> -30), slowed, glowing, studying Invocations, very
slow
A: sense surroundings 2, otherworldly, glowing, explore regen
a: Renounce Religion, Wall of Briars, Grow Ballistomycete


You were on level 8 of the Dungeon.
You worshipped Fedhas.
Fedhas was most pleased with you.
You visited 2 branches of the dungeon, and saw 12 of its levels.
You also visited: Sewer and Bailey.

You collected 1014 gold pieces.

Inventory:

Hand Weapons
 a - a +4 whip of freezing (weapon)
 m - a +0 war axe
Missiles
 e - 6 boomerangs of dispersal (quivered)
 w - a throwing net
Armour
 c - a +0 buckler (worn)
 h - a +0 chain mail (worn)
 j - a +2 pair of gloves of infusion (worn)
 r - a +2 hat of stealth (worn)
Jewellery
 b - a ring of fire
 f - a +6 ring of intelligence
 i - a ring of positive energy
 k - a ring of see invisible
 q - a +4 ring of protection (right hand)
 x - a +6 ring of strength (left hand)
Wands
 u - a wand of flame (12)
 y - a wand of digging (6)
Scrolls
 d - a scroll of amnesia {unknown}
 g - 4 scrolls of teleportation
 A - a scroll of enchant weapon {unknown}
 C - a scroll of fog {unknown}
 D - a scroll of fear {unknown}
Potions
 l - a potion of resistance
 n - 2 potions of haste
 o - a potion of brilliance
 p - a potion of ambrosia
 s - 2 potions of mutation
 B - 3 potions of might
Miscellaneous
 t - a lightning rod (inert)
 v - a phial of floods
 E - a phantom mirror


   Skills:
 - Level 10.4 Fighting
 - Level 3.6(7.1) Axes
 - Level 10.3(10.7) Maces & Flails
 - Level 10.1 Armour
 + Level 2.9 Dodging
 - Level 3.6 Shields
 + Level 9.9 Invocations
 - Level 3.3 Evocations


You had 10 spell levels left.
You didn't know any spells.
Your spell library was empty.

Dungeon Overview and Level Annotations

Branches:
Dungeon (11/15) Zot: 5143  Temple (1/1) D:4 Zot: 550    Lair (0/5) D:8
  Sewer (visited)          Bailey (visited)
    Orc: D:9-12

Altars:
Cheibriados
Dithmenos
Elyvilon
Fedhas
Hepliaklqana
Makhleb
Nemelex Xobeh
Sif Muna
Uskayaw
Vehumet
Wu Jian
Xom
Yredelemnul
Zin
The Shining One

Annotations:
D:8 Erica


Innate Abilities, Weirdness & Mutations

You passively map the area around you.
You are easily found by Zot.
You glow in the dark.
You regain HP and MP as you explore.


Message History

Reactivating autopickup.
You barely miss the sky beast. The sky beast attacks as you move away!
The sky beast barely misses you.
The electric eel shoots out a bolt of lightning at you!
The bolt of electricity hits the sky beast.
The sky beast completely resists.
The bolt of electricity hits you!
* * * LOW HITPOINT WARNING * * *
You barely miss the sky beast. The sky beast closely misses you.
The sky beast attacks as you move away! You block the sky beast's attack.
You whack the sky beast! You freeze the sky beast.
The sky beast is heavily wounded.
You block the sky beast's attack.
You whack the sky beast! You freeze the sky beast.
You kill the sky beast!
Fedhas appreciates your contribution to the ecosystem.
There is a stone staircase leading up here.
Erica the Fiery-Tempered comes into view.
She is wielding a +1 scimitar of flaming.
Aiming: Grow Ballistomycete (2% risk of failure)
Press: ? - help, Dir - move target A ballistomycete grows from the ground.
Erica gestures at you while chanting.
You feel yourself slow down.
A ballistomycete spore comes into view.
Erica hits your ballistomycete spore with a +1 scimitar of flaming!
Erica burns your ballistomycete spore.
Your ballistomycete spore explodes!
Erica appears confused.
The explosion of spores engulfs Erica!
Erica is moderately wounded.
You hear a howl!
You hear a loud, deep croak!
Erica drinks a potion.
Erica is healed!
Erica seems less confused.
A ballistomycete spore comes into view.
Erica casts a spell at you. The bolt of poison hits you!
You are poisoned.
* * * LOW HITPOINT WARNING * * *
Erica casts a spell at you. The bolt of poison hits you!!
You are more poisoned.
You die...
Fedhas appreciates your contribution to the ecosystem.

~~...###........#*
* ~~ ...,,
+<.......# *, ~~~~
,#..P.....# ~ ~ ,
, #..*...[.# , * ~
,~ , #.>......# ,,
~ ,,, #..@.....# ,
,, #........# ,
#........# * * *
#...@....# ,
,#........#
#........#
#........# * ,
#........# ,,,
########## * , *


You could see Erica (ally target), a friendly ballistomycete (summoned) and a
friendly ballistomycete spore.

Vanquished Creatures
  Gastronok (D:10)
  An orc warlord (Bailey)
  An unseen horror (D:11)
  A kobold demonologist (D:9)
  A komodo dragon (D:11)
  A troll (D:8)
  A hornet (D:11)
  2 shadows
  3 yaks (D:9)
  Menkaure (D:4)
  An acid dragon (D:11)
  A water moccasin (D:8)
  A sky beast (D:8)
  An ice beast (D:7)
  13 orc warriors
  2 wolves (D:8)
  A kobold brigand (D:11)
  A gnoll sergeant (D:9)
  A necrophage (D:7)
  A troll zombie (D:9)
  7 killer bees
  2 howler monkeys
  2 hounds
  An orc priest (D:5)
  4 jellies (Sewer)
  An iguana (D:5)
  2 orc wizards
  3 ogre zombies (D:9)
  An adder (D:4)
  11 gnolls
  A river rat (Sewer)
  A shadow imp (D:5)
  A white imp (D:8)
  A worm (D:5)
  A dart slug (D:3)
  14 orcs
  6 endoplasms
  3 giant cockroaches (Sewer)
  12 goblins (Bailey)
  9 hobgoblins
  8 jackals
  2 quokkas
  4 ball pythons (Sewer)
  9 frilled lizards
  2 hobgoblin skeletons (D:9)
  3 hobgoblin zombies (D:9)
  2 kobolds (D:1)
  6 orc zombies (D:9)
  3 rats (Sewer)
158 creatures vanquished.

Vanquished Creatures (collateral kills)
  16 ballistomycete spores (Bailey)
16 creatures vanquished.

Vanquished Creatures (others)
  5 ballistomycete spores
5 creatures vanquished.

Grand Total: 179 creatures vanquished

Notes
Turn   | Place    | Note
-------+----------+-------------------------------------------
     0 | D:1      | rlgrobin the Meteoran Fighter began the quest for the Orb.
     0 | D:1      | Reached XP level 1. HP: 19/19 MP: 2/2
   132 | D:1      | Reached XP level 2. HP: 13/26 MP: 3/3
   172 | D:1      | Found a faded altar of an unknown god.
   239 | D:2      | Reached XP level 3. HP: 30/31 MP: 4/4
   309 | D:3      | Reached skill level 1 in Maces & Flails
   378 | D:4      | Reached XP level 4. HP: 33/38 MP: 5/5
   406 | D:4      | Reached XP level 5. HP: 41/45 MP: 6/6
   418 | D:4      | Noticed Menkaure
   425 | D:4      | Killed Menkaure
   426 | D:4      | Reached XP level 6. HP: 40/51 MP: 7/7
   443 | D:4      | Found a staircase to the Ecumenical Temple.
   459 | Temple   | Entered the Ecumenical Temple
   491 | Temple   | Became a worshipper of Fedhas Madash
   558 | D:5      | Entered Level 5 of the Dungeon
   612 | D:5      | Identified 2 scrolls of acquirement
   612 | D:5      | Acquired 705 gold pieces
   614 | D:5      | Acquired a +2 pair of gloves of infusion
   631 | D:5      | Reached XP level 7. HP: 46/57 MP: 5/8
   645 | D:5      | Found a glowing drain.
   673 | Sewer    | Entered a sewer
   792 | Sewer    | Reached * piety under Fedhas
   832 | Sewer    | Found a viscous altar of Jiyva.
   936 | D:5      | Found a shimmering altar of Xom.
   981 | D:7      | Reached XP level 8. HP: 45/66 MP: 0/9
  1000 | D:8      | You fall into a shaft and drop 3 floors!
  1044 | D:11     | Noticed a komodo dragon
  1054 | D:11     | Killed a komodo dragon
  1055 | D:11     | Reached skill level 5 in Fighting
  1055 | D:11     | Reached skill level 5 in Armour
  1068 | D:11     | Noticed a shadow
  1082 | D:11     | Killed a shadow
  1094 | D:11     | Noticed an unseen horror
  1100 | D:11     | Killed an unseen horror
  1101 | D:11     | Gained mutation: You passively map the area around you.
                  | [Meteoran growth]
  1101 | D:11     | Reached XP level 9. HP: 31/78 MP: 3/10
  1111 | D:11     | Noticed a hornet
  1112 | D:11     | Noticed a kobold demonologist
  1123 | D:11     | Noticed a deep elf pyromancer
  1126 | D:11     | Killed a hornet
  1126 | D:11     | Noticed a smoke demon
  1134 | D:11     | Noticed a cyclops
  1134 | D:11     | Noticed a cyclops
  1134 | D:11     | Noticed a purple ugly thing
  1136 | D:11     | Noticed a soul eater
  1183 | D:10     | Entered Level 10 of the Dungeon
  1199 | D:10     | Noticed Gastronok
  1225 | D:10     | Killed Gastronok
  1226 | D:10     | Reached skill level 5 in Invocations
  1226 | D:10     | Reached XP level 10. HP: 49/91 MP: 1/15
  1332 | D:10     | Reached ** piety under Fedhas
  1390 | D:9      | Found a basalt altar of Yredelemnul.
  1475 | D:9      | Noticed a kobold demonologist
  1497 | D:9      | Killed a kobold demonologist
  1525 | D:9      | Reached skill level 10 in Maces & Flails
  1531 | D:9      | Reached skill level 10 in Fighting
  1582 | D:9      | Found a flagged portal.
  1627 | Bailey   | Entered a bailey
  1642 | Bailey   | Reached skill level 1 in Evocations
  1725 | Bailey   | Reached *** piety under Fedhas
  1799 | Bailey   | Reached XP level 11. HP: 82/100 MP: 0/16
  1843 | Bailey   | Noticed an orc warlord
  1878 | Bailey   | Killed an orc warlord
  1879 | Bailey   | Reached skill level 10 in Armour
  1900 | Bailey   | Acquired a manual of Invocations
  2090 | D:8      | Reached skill level 1 in Dodging
  2120 | D:8      | Noticed Erica
  2129 | D:8      | Killed from afar by Erica

Illustrated notes

Levels and vault maps discovered:
D:1:      sevenhm_arrival_forest_fort_large_2, layout_loops_ring,
          hellmonk_ecumenical_altar_run_dry, serial_shops,
          nicolae_shop_statue_plus, minmay_pentomino_u2
D:2:      layout_rooms
D:3:      layout_loops_ring, lemuel_round_altar
D:4:      layout_loops_ring, minmay_temple_entry_trees,
          gammafunk_ghost_gnarly_gnolls, hangedman_abyss_or_decor_passed,
          uniq_ijyb, uniq_menkaure
D:5:      layout_cave_pools, general_overflow_altar,
          mainiacjoe_overflow_alcove_4, cheibrodos_sewer_entry_bend,
          minmay_mini_ossuary, uniq_duvessa
D:6:      layout_rooms, cheibrodos_ashenzari_chains, kennysheep_vampire_church
D:7:      layout_rooms, serial_shops, nicolae_shop_hallway_plus,
          item_on_display_b
D:8:      layout_basic, lemuel_coloured_pillars_altar, erik_lair_island,
          serial_shops, nicolae_shop_hallway_stairs, nrook_mini_vaults,
          uniq_erica, uniq_grum
D:9:      layout_long_grid, kennysheep_little_box, zombieorc2_lemuel,
          enter_bailey_6, lightli_wizard_tower
D:10:     layout_basic, uniq_gastronok, uniq_maggie
D:11:     minmay_the_grid_octo_2x2 [minmay_the_grid_octo_chip,
          minmay_the_grid_octo_shrine, minmay_the_grid_octo_empty,
          minmay_the_grid_octo_prize_single_spiral], layout_basic
Temple:   nicolae_temple_bog_church

Skill      XL: |  1  2  3  4  5  6  7  8  9 10 11 |
---------------+----------------------------------+-----
Axes           | 3 |  3.6
Maces & Flails | 3 4 6 7 8 10 | 10.3
Armour         | 4 7 8 9 10 | 10.1
Fighting       | 4 6 9 10 | 10.4
Invocations    | 5 9 |  9.9
Evocations     | 3 |  3.3
Dodging        | 2 |  2.9
Shields        | |  3.6

Action                     |  1- 3 |  4- 6 |  7- 9 | 10-12 || total
---------------------------+-------+-------+-------+-------++-------
  Melee: War axe           |    31 |       |       |       ||    31
         Whip              |    15 |    46 |   111 |   262 ||   434
 Invoke: Grow Ballistomyce |       |       |       |     3 ||     3
  Evoke: Lightning rod     |       |       |       |     4 ||     4
    Use: Potion            |       |     1 |     4 |     3 ||     8
         Scroll            |       |     5 |     3 |     3 ||    11
   Stab: Confused          |       |       |       |     1 ||     1
 Armour: Chain mail        |    35 |    13 |    59 |   141 ||   248
  Dodge: Dodged            |    19 |     9 |    20 |    63 ||   111
  Block: Buckler           |    13 |     7 |    17 |    58 ||    95

Table legend: (Time is in decaauts)
 A = Elapsed time spent in this place.
 B = Non-inter-level travel time spent in this place.
 C = Inter-level travel time spent in this place.
 D = Time resting spent in this place.
 E = Time spent auto-exploring this place.
 F = Levels seen in this place.
 G = Mean time per level.
                   A        B        C        D        E       F      G
               +--------+--------+--------+--------+--------+-----+--------+
         Total |   2037 |   2023 |     14 |      0 |      0 |  14 |  145.5 |
       Dungeon |   1454 |   1454 |      0 |      0 |      0 |  11 |  132.2 |
        Temple |     49 |     35 |     14 |      0 |      0 |   1 |   49.0 |
         Sewer |    233 |    233 |      0 |      0 |      0 |   1 |  233.0 |
        Bailey |    300 |    300 |      0 |      0 |      0 |   1 |  300.0 |
               +--------+--------+--------+--------+--------+-----+--------+

Top non-repeatable levels by time:
     D:9: 304 daAuts
  Bailey: 300 daAuts
   Sewer: 233 daAuts
     D:1: 221 daAuts
     D:4: 193 daAuts
     D:5: 181 daAuts
    D:10: 181 daAuts
    D:11: 166 daAuts
     D:2: 70 daAuts
     D:8: 62 daAuts
  Temple: 49 daAuts
     D:3: 31 daAuts
     D:7: 29 daAuts
     D:6: 12 daAuts
